 Dungeon Crawl Stone Soup version 0.31-a0-354-g827e0957a7 (webtiles) character file.

Game seed: 4683231872123431955

735 AdnanSaban the Covered (level 7, -3/44 HPs)
             Began as a Gargoyle Fighter on July 24, 2023.
             Was an Initiate of Okawaru.
             Splashed by a jelly's acid (7 damage)
             ... on level 5 of the Dungeon.
             The game lasted 00:03:57 (4459 turns).

AdnanSaban the Covered (Gargoyle Fighter)           Turns: 4459, Time: 00:03:58

Health: -3/44      AC:  2    Str: 22    XL:     7   Next: 74%
Magic:  7/7        EV:  8    Int:  8    God:    Okawaru [......]
Gold:   344        SH:  4    Dex:  9    Spells: 6/6 levels left

rFire   . . .        n - +0 whip (elec)
rCold   . . .        c - +0 buckler
rNeg    + . .        j - +0 chain mail
rPois   ∞            (no helmet)
rElec   +            (no cloak)
rCorr   .            (no gloves)
SInv    .            (no boots)
Will    .....        (no amulet) Stlth
                     (no ring)
HPRegen 0.27/turn    (no ring)
MPRegen 0.10/turn

%: no passive effects
@: corroded
A: sickness immunity, AC +4, negative energy resistance 1, electricity
resistance, torment resistance 1, petrification resistance
a: Renounce Religion


You were on level 5 of the Dungeon.
You worshipped Okawaru.
Okawaru was noncommittal.
You visited 2 branches of the dungeon, and saw 6 of its levels.

You collected 344 gold pieces.

Inventory:

Hand Weapons
 n - a +0 whip of electrocution (weapon)
Missiles
 g - 5 javelins (quivered)
Armour
 c - a +0 buckler (worn)
 j - a +0 chain mail (worn)
Jewellery
 s - an amulet of regeneration
Scrolls
 b - a scroll of revelation {unknown}
 e - a scroll of immolation {unknown}
 k - 2 scrolls of teleportation {unknown}
 l - 2 scrolls of poison {unknown}
 m - 5 scrolls of identify {unknown}
 o - a scroll of noise {unknown}
 q - a scroll of fog {unknown}
 r - a scroll of vulnerability {unknown}
 t - a scroll of enchant weapon {unknown}
 u - a scroll of enchant armour {unknown}
Potions
 a - a potion of curing {unknown}
 d - a potion of might
 f - a potion of brilliance {unknown}
 h - a potion of haste {unknown}
 i - 2 potions of lignification {unknown}
 p - a potion of magic {unknown}


   Skills:
 + Level 4.5 Fighting
 + Level 5.3 Maces & Flails
 + Level 0.2 Throwing
 + Level 5.7 Armour
 + Level 1.7 Dodging
 + Level 4.7 Shields


You had 6 spell levels left.
You didn't know any spells.
Your spell library contained the following spells:

 Spells                   Type           Power      Damage    Failure   Level
 Hailstorm                Conj/Ice       0%         3d3       100%        3
 Manifold Assault         Tloc           0%         N/A       100%        4
 Dispersal                Tloc           0%         N/A       100%        6
 Disjunction              Tloc           0%         N/A       100%        8
 Summon Ice Beast         Ice/Summ       Unusable   N/A       N/A         4
 Simulacrum               Ice/Necr       Unusable   N/A       N/A         6

Dungeon Overview and Level Annotations

Branches:
Dungeon (5/15)             Temple (1/1) D:4

Altars:
Ashenzari
Dithmenos
Hepliaklqana
Kikubaaqudgha
Makhleb
Nemelex Xobeh
Okawaru
Qazlal
Ru
Trog
Uskayaw
Vehumet
Yredelemnul
Zin
The Shining One

Shops:
D:4 *   D:5 *

Annotations:
D:3 1 runed translucent door, Crazy Yiuf
D:4 3 runed translucent doors, BritishOli's ghost, amateur DsFi; Scrael's ghost, amateur DsAr; paps's ghost, amateur MfSh


Innate Abilities, Weirdness & Mutations

You are immune to sickness and miasma.
Your stone body is resilient. (AC +4)
You are immune to poison.
You resist negative energy. (rN+)
You are resistant to electric shocks. (rElec)
You are resistant to unholy torment.
You are immune to petrification.


Message History

You are too injured to fight recklessly!
You are too injured to fight recklessly!
You are too injured to fight recklessly!
You are too injured to fight recklessly!
A jelly is nearby!
You hit the jelly but do no damage.
Your hands burn!
* * * LOW HITPOINT WARNING * * *
The jelly is severely wounded.
You block the jelly's attack.
Unknown command.
The jelly attacks as you move away! The jelly hits you but does no damage.
The jelly attacks as you move away! The jelly hits you but does no damage.
The jelly attacks as you move away! You block the jelly's attack.
You see here a +0 long sword.
The jelly attacks as you move away! The jelly hits you but does no damage.
The jelly attacks as you move away! The jelly hits you but does no damage.
The jelly attacks as you move away! The jelly hits you. The acid corrodes you!
You are splashed with acid!
* * * LOW HITPOINT WARNING * * *
The jelly attacks as you move away! The jelly closely misses you.
You are too injured to fight recklessly!
You are too injured to fight recklessly!
Throw: 7 javelins
Press: ? - help, Q - select action Shift-Dir - straight line, f - jelly
Aim: a jelly (severely wounded, 88% to hit)
You throw a javelin.
The javelin pierces through the jelly but does no damage.
The jelly is severely wounded.
The jelly hits you but does no damage. The jelly barely misses you.
You hit the jelly but do no damage.
Your hands burn!
* * * LOW HITPOINT WARNING * * *
The jelly is severely wounded.
Throw: 6 javelins
Press: ? - help, Q - select action Shift-Dir - straight line, f/p - jelly
Aim: a jelly (severely wounded, 88% to hit)
You throw a javelin. The javelin barely misses the jelly.
The jelly barely misses you. The jelly hits you.
* * * LOW HITPOINT WARNING * * *
You are splashed with acid!
You die...

#.#### #.#.#...#..# ######.#..#
#.....∩....# ...##.#..#
#...#...#..#
#####.##.##.#.####.#..#.#...####
#.#.........#...................
##.#.#.##.#.#######.#####.##.####
...#.#.##.....(.......# #....####
>#.#.#.####.#######.#.######.....
................@J..)..(.........
.....#.####.###.#.#.#.#########..
.#.#..............#.#.# #..
.#.#........###...#.#.# #..
.#.###.###...####.#.#.# #####..
.......# #...# #.#.#.# #......
..#.######...####.#.#.# #......
......................#####......
..##.....#...####.##.............


You could see a jelly.

Vanquished Creatures
  A black bear (D:4)
  2 scorpions
  A howler monkey (D:4)
  3 hounds
  Jessica (D:3)
  4 iguanas (D:5)
  Natasha (D:2)
  An orc wizard (D:4)
  Robin (D:3)
  9 adders
  A white imp (D:4)
  2 ufetubi (D:5)
  3 worms
  A dart slug (D:2)
  2 orcs
  2 ball pythons (D:4)
  11 endoplasms
  2 giant cockroaches
  17 goblins
  9 hobgoblins
  6 jackals (D:2)
  3 quokkas
  9 bats
  2 frilled lizards
  8 kobolds
  7 rats
109 creatures vanquished.

Notes
Turn   | Place    | Note
-------+----------+-------------------------------------------
     0 | D:1      | AdnanSaban the Gargoyle Fighter began the quest for the
                  | Orb.
     0 | D:1      | Reached XP level 1. HP: 14/14 MP: 1/1
   240 | D:1      | Reached XP level 2. HP: 19/19 MP: 2/2
   813 | D:2      | Reached XP level 3. HP: 23/23 MP: 3/3
  1183 | D:2      | Noticed Natasha
  1194 | D:2      | Reached XP level 4. HP: 24/28 MP: 4/4
  1200 | D:2      | Killed Natasha
  1658 | D:3      | Noticed Jessica
  1662 | D:3      | Killed Jessica
  1663 | D:3      | Reached XP level 5. HP: 33/33 MP: 5/5
  1767 | D:3      | Found a runed translucent door.
  1768 | D:3      | Noticed Crazy Yiuf
  1820 | D:3      | Noticed Robin
  1864 | D:3      | Killed Robin
  2602 | D:4      | Found a runed translucent gate.
  2602 | D:4      | Found a runed translucent gate.
  2832 | D:4      | Reached XP level 6. HP: 38/38 MP: 6/6
  2949 | D:4      | Found Asimnipn's Neck Hole.
  2952 | D:4      | Noticed a black bear
  2959 | D:4      | Killed a black bear
  2960 | D:4      | Reached skill level 1 in Dodging
  2991 | D:4      | Found a runed translucent gate.
  2995 | D:4      | Noticed paps's ghost (amateur MfSh)
  2995 | D:4      | Noticed BritishOli's ghost (amateur DsFi)
  2995 | D:4      | Noticed Scrael's ghost (amateur DsAr)
  3090 | D:4      | Found a staircase to the Ecumenical Temple.
  3100 | Temple   | Entered the Ecumenical Temple
  3107 | Temple   | Became a worshipper of Warmaster Okawaru
  3584 | D:4      | Reached XP level 7. HP: 40/44 MP: 7/7
  3661 | D:4      | Reached skill level 5 in Maces & Flails
  3842 | D:5      | Entered Level 5 of the Dungeon
  4000 | D:5      | Reached skill level 5 in Armour
  4413 | D:5      | Found Nauja's Overcharged Wands.
  4459 | D:5      | Splashed by a jelly's acid

Illustrated notes

Levels and vault maps discovered:
D:1:      evilmike_arrival_fibonacci_small, layout_loops_ring,
          kennysheep_crisscross
D:2:      layout_loops_corners, uniq_natasha
D:3:      layout_basic, chequers_serial_rivers_small_a, uniq_jessica,
          uniq_crazy_yiuf_cottage, uniq_robin
D:4:      minmay_razor_zed, layout_gridville, temple_fountains,
          gammafunk_ghost_cemetery, nicolae_shop_sticking_my_neck_out
D:5:      layout_basic, serial_aquarium, aquarium_bridge_straight
          [aquarium_subvault_bridge, aquarium_subvault_balcony,
          aquarium_subvault_bridge, aquarium_subvault_window],
          aquarium_bridge_square [aquarium_subvault_bridge,
          aquarium_subvault_wall, aquarium_subvault_window,
          aquarium_subvault_window], aquarium_window_2, aquarium_window_fake,
          aquarium_window_1, aquarium_view_2d, aquarium_balcony_5a,
          aquarium_pool_2, nicolae_shop_overcharged_wands
Temple:   hellmonk_temple_two_chambers

Skill      XL: |  1  2  3  4  5  6  7 |
---------------+----------------------+-----
Maces & Flails | 3 4 5 |  5.3
Fighting       | 4 |  4.5
Armour         | 4 5 |  5.7
Shields        | 4 |  4.7
Dodging        | 1 |  1.7
Throwing       | |  0.2

Action                     |  1- 3 |  4- 6 |  7- 9 || total
---------------------------+-------+-------+-------++-------
  Melee: Flail             |   153 |   112 |       ||   265
         Whip              |       |   106 |    76 ||   182
  Throw: Javelin           |       |     1 |     2 ||     3
 Armour: Scale mail        |    43 |       |       ||    43
         Chain mail        |    46 |   145 |    34 ||   225
  Dodge: Dodged            |    87 |    79 |    25 ||   191
  Block: Buckler           |    25 |    45 |    16 ||    86

Table legend: (Time is in decaauts)
 A = Elapsed time spent in this place.
 B = Non-inter-level travel time spent in this place.
 C = Inter-level travel time spent in this place.
 D = Time resting spent in this place.
 E = Time spent auto-exploring this place.
 F = Levels seen in this place.
 G = Mean time per level.
                   A        B        C        D        E       F      G
               +--------+--------+--------+--------+--------+-----+--------+
         Total |   4517 |   4386 |    131 |      0 |   3514 |   6 |  752.8 |
       Dungeon |   4503 |   4377 |    126 |      0 |   3514 |   5 |  900.6 |
        Temple |     13 |      8 |      5 |      0 |      0 |   1 |   13.0 |
               +--------+--------+--------+--------+--------+-----+--------+

Top non-repeatable levels by time:
     D:4: 1217 daAuts
     D:3: 1014 daAuts
     D:2: 964 daAuts
     D:1: 697 daAuts
     D:5: 609 daAuts
  Temple: 13 daAuts
